AoeStats
← BuffDuck

African Clearing

510464463Analyzed
4v4 RM · 2d ago on Oct 1, 2026· 44m 26s· 8 players
Game mode
Random Map
Map size
Large (8 player)
Population
200
Speed
Normal
Resources
Standard
Victory
Conquest
Starting age
Dark Age
Ending age
Imperial Age
RankedLock teamsTeams togetherTeam positionsShared explorationLock speedFull tech treeHidden civsTurbo modeCheats
Victory
Defeat
🇺🇸 Danes · United States
1459
+18
🇨🇳 Mongols · China
1433
+19
🇪🇨 Khmer · Ecuador
1427
+19
🇺🇸 Chinese · United States
1380
+21
🇨🇦 Malians · Canada
1549
-22
🇨🇳 Huns · China
1519
-20
🇹🇼 Teutons · Taiwan
1490
-19
🇩🇪 Spanish · Germany
1418
-16
BuffDuck
2:47 Loom
12:28 Feudal Age
12:54 Town Watch
13:45 Double-Bit Axe
20:26 Castle Age
18:40 Horse Collar
19:27 Bloodlines
20:16 Fletching
20:30 Padded Archer Armor
20:35 Crossbowman
22:55 Bodkin Arrow
25:42 Ballistics
26:22 Wheelbarrow
27:17 Thumb Ring
28:11 Bow Saw
37:57 Hand Cart
37:56 Heavy Plow
38:30 Leather Archer Armor
41:54 Imperial Age
40:23 Town Patrol
40:18 Gold Mining
40:22 Stone Mining
42:38 Bracer
43:08 Ring Archer Armor
42:14 Arbalester
44:07 Capped Ram
ShiftyShnike
12:08 Feudal Age
15:58 Castle Age
13:49 Double-Bit Axe
15:41 Scale Mail Armor
16:56 Bow Saw
17:57 Squires
17:47 Gambesons
24:22 Loom
28:49 Fletching
30:29 Bodkin Arrow
44:52 Wheelbarrow
[ECU] PALADINFRANCO
3:48 Loom
13:38 Feudal Age
14:25 Double-Bit Axe
14:24 Horse Collar
15:29 Scale Barding Armor
16:02 Gold Mining
18:16 Bloodlines
24:55 Castle Age
23:19 Forging
25:42 Husbandry
25:03 Light Cavalry
27:07 Chain Barding Armor
27:23 Iron Casting
27:26 Wheelbarrow
37:03 Heavy Plow
39:41 Gold Shaft Mining
41:54 Imperial Age
39:44 Bow Saw
40:48 Hand Cart
41:16 Town Watch
42:04 Hussar
43:23 Plate Barding Armor
44:05 Conscription
.
4:57 Loom
14:37 Feudal Age
15:16 Double-Bit Axe
17:38 Gold Mining
18:46 Horse Collar
19:13 Fletching
25:32 Castle Age
25:34 Stone Mining
31:51 Bodkin Arrow
36:20 Bloodlines
38:06 Husbandry
39:47 Heavy Plow
41:49 Bow Saw
42:58 Stone Shaft Mining
44:18 Wheelbarrow
44:19 Gold Shaft Mining
43:52 Padded Archer Armor
Billy Bathgate
6:33 Loom
13:52 Feudal Age
15:14 Double-Bit Axe
17:58 Castle Age
24:01 Forging
25:25 Arson
28:09 Bow Saw
28:02 Horse Collar
29:20 Scale Mail Armor
33:50 Iron Casting
33:30 Chain Mail Armor
41:23 Town Watch
43:40 Wheelbarrow
CARRY_BERRY_JDV <3
11:39 Loom
13:24 Feudal Age
17:38 Castle Age
16:08 Double-Bit Axe
17:36 Gold Mining
19:10 Bow Saw
20:29 Town Watch
21:25 Padded Archer Armor
25:41 Bloodlines
25:32 Husbandry
25:23 Horse Collar
29:24 Wheelbarrow
31:41 Fletching
32:43 Bodkin Arrow
36:47 Leather Archer Armor
37:11 Heavy Plow
41:11 Imperial Age
39:58 Hand Cart
40:53 Scale Barding Armor
40:58 Forging
42:09 Bracer
42:30 Chain Barding Armor
42:36 Conscription
42:13 Cavalier
44:27 Ballistics
(3A) Lü Bu king
5:10 Loom
13:40 Feudal Age
14:08 Town Watch
17:56 Double-Bit Axe
24:35 Horse Collar
30:26 Fletching
32:39 Wheelbarrow
8080
5:38 Loom
13:39 Feudal Age
14:21 Town Watch
17:33 Castle Age
15:41 Double-Bit Axe
17:36 Fletching
25:32 Bloodlines
28:23 Horse Collar
29:32 Ballistics
29:46 Bodkin Arrow
32:42 Wheelbarrow
33:14 Husbandry
36:05 Padded Archer Armor
36:21 Hand Cart
38:41 Imperial Age
37:35 Bow Saw
37:25 Heavy Plow
38:28 Leather Archer Armor
40:07 Bracer
40:09 Heavy Cavalry Archer
42:20 Chemistry
42:40 Parthian Tactics
42:16 Light Cavalry
43:39 Conscription
43:29 Capped Ram
Connection lost

Rejoining the realm…

Still unreachable

The connection could not be restored.

Session expired

The server has moved on; the page needs a fresh start.